 Dungeon Crawl Stone Soup version 0.30-a0-390-g80c34de65d (webtiles) character file.

Game seed: 2948264215807106651

630 Bnni the Poker (level 7, 0/57 HPs)
             Began as a Formicid Fighter on Dec 4, 2022.
             Slain by a polar bear (2 damage)
             ... on level 6 of the Dungeon.
             The game lasted 00:09:38 (2640 turns).

Bnni the Poker (Formicid Fighter)                   Turns: 2640, Time: 00:09:38

Health: 0/57       AC: 10    Str: 22    XL:     7   Next: 77%
Magic:  7/7        EV:  7    Int:  8    God:
Gold:   231        SH:  6    Dex: 19    Spells: 6/6 levels left

rFire   . . .      SeeInvis +    a - +0 trident
rCold   + . .      Faith    .    c - +0 buckler
rNeg    + . .      Spirit   .    h - +0 chain mail
rPois   .          Reflect  .    (helmet unavailable)
rElec   .          Harm     .    s - scarf {repulsion}
rCorr   .          Rampage  .    (no gloves)
Will    +....                    n - +0 pair of boots
Stlth   ..........               (no amulet)
HPRegen 0.29/turn                q - ring of positive energy
MPRegen 0.10/turn                f - ring of Knowledge {rC+ Will+ Dex+6}

@: invisible (expiring), repel missiles
A: permanent stasis, dig shafts and tunnels, antennae 3, four strong arms
a: Dig, Shaft Self


You were on level 6 of the Dungeon.
You visited 1 branch of the dungeon, and saw 5 of its levels.

You collected 231 gold pieces.

Inventory:

Hand Weapons
 a - a +0 trident (weapon)
 d - a +0 scythe
Armour
 c - a +0 buckler (worn)
 h - a +0 chain mail (worn)
 n - a +0 pair of boots (worn)
 s - a scarf of repulsion (worn)
Jewellery
 f - the ring of Knowledge (right hand) {rC+ Will+ Dex+6}
   (You found it on level 4 of the Dungeon)

   [ring of protection from cold]

   Dex:       It affects your dexterity (+6).
   rC:        It protects you from cold.
   Will:      It increases your willpower.
 q - a ring of positive energy (left hand)
Wands
 j - a wand of polymorph (22)
Scrolls
 i - a scroll of blinking {unknown}
 l - a scroll of teleportation {unknown}
 r - a scroll of magic mapping {unknown}
Potions
 b - a potion of invisibility
 e - a potion of heal wounds {unknown}
 k - a potion of flight {unknown}
 p - a potion of attraction {unknown}


   Skills:
 + Level 5.8 Fighting
 * Level 6.4 Polearms
 - Level 3.2 Armour
 - Level 5.0 Shields


You had 6 spell levels left.
You didn't know any spells.
Your spell library contained the following spells:

 Spells                   Type           Power      Damage    Failure   Level
 Foxfire                  Conj/Fire      0%         2x1d4     99%         1
 Ensorcelled Hibernation  Hex/Ice        0%         N/A       100%        2
 Scorch                   Fire           0%         2d5       100%        2
 Spider Form              Tmut/Pois      0%         N/A       100%        3
 Anguish                  Hex/Necr       0%         N/A       100%        4
 Flame Wave               Conj/Fire      0%         2d4       100%        4
 Fireball                 Conj/Fire      0%         3d3       100%        5
 Starburst                Conj/Fire      0%         6d3       100%        6
 Summon Cactus Giant      Summ           0%         N/A       100%        6


Dungeon Overview and Level Annotations

Branches:
Dungeon (4/15)
 Temple: D:4-7

Altars:
Elyvilon


Innate Abilities, Weirdness & Mutations

You cannot be hasted, slowed, berserked, paralysed or teleported.
You can dig through walls and to a lower floor.
You have a pair of large antennae on your head. (SInv)
Your four strong arms can wield two-handed weapons with a shield.


Message History

The polar bear barely misses you.
You catch the helpless polar bear completely off-guard!
You hit the polar bear but do no damage.
The polar bear is heavily wounded.
A gnoll comes into view. It is wielding a +0 halberd.
The polar bear bites you.
* * * LOW HITPOINT WARNING * * *
The polar bear claws you but does no damage. x2
The gnoll shouts!
You puncture the polar bear!
The polar bear is severely wounded.
The gnoll shouts!
The polar bear bites you!
* * * LOW HITPOINT WARNING * * *
The polar bear claws you but does no damage.
The polar bear barely misses you.
You hit the polar bear.
The polar bear is severely wounded.
The gnoll shouts!
The polar bear goes berserk!
Unknown command.
You hit the polar bear.
The polar bear is severely wounded.
The gnoll shouts!
You hear a shout!
The polar bear barely misses you. You block the polar bear's attack.
The polar bear barely misses you. x2
The polar bear claws you but does no damage.
The polar bear barely misses you.
You hit the polar bear.
The polar bear is severely wounded.
You flicker for a moment.
The gnoll shouts!
The polar bear barely misses you. You block the polar bear's attack. x2
Unknown command.
You hit the polar bear but do no damage.
The polar bear is severely wounded.
The polar bear bites you.
* * * LOW HITPOINT WARNING * * *
The polar bear claws you.
You die...

..#+#..#.
.#.#... .....#
#.g..# { #....#
.# #....###..##
{ #
#........... ≈
#.##....###
#.#@##.....#
#.#h######+#
#.#g#)≈≈≈≈#
#≈##...)#...≈#
..#≈.....#h..≈#
#≈......#...≈#
#≈.......#)..≈#
≈........'#####
...##.....


You could see a polar bear (berserk, unable to see you) and 2 gnolls.

Vanquished Creatures
  Sigmund (D:2)
  An ice beast (D:6)
  2 scorpions (D:4)
  2 hounds
  Jessica (D:2)
  A gnoll bouda (D:6)
  8 gnolls (D:6)
  An adder (D:6)
  A worm (D:3)
  4 dart slugs
  An orc (D:3)
  8 endoplasms
  6 giant cockroaches
  A goblin (D:2)
  4 hobgoblins
  5 jackals (D:1)
  6 kobolds
  2 quokkas (D:1)
  4 ball pythons
  4 bats
  4 frilled lizards
  5 rats
72 creatures vanquished.

Vanquished Creatures (others)
  2 withered plants (D:6)
2 creatures vanquished.

Grand Total: 74 creatures vanquished

Notes
Turn   | Place    | Note
-------+----------+-------------------------------------------
     0 | D:1      | Bnni the Formicid Fighter began the quest for the Orb.
     0 | D:1      | Reached XP level 1. HP: 18/18 MP: 1/1
     1 | D:1      | Found a runed translucent door.
   129 | D:1      | Reached XP level 2. HP: 19/24 MP: 2/2
   306 | D:1      | Reached XP level 3. HP: 27/29 MP: 3/3
   406 | D:1      | Found a faded altar of an unknown god.
  1076 | D:2      | Noticed Sigmund
  1089 | D:2      | Killed Sigmund
  1090 | D:2      | Reached skill level 4 in Polearms
  1090 | D:2      | Reached skill level 5 in Shields
  1090 | D:2      | Reached XP level 4. HP: 37/38 MP: 4/4
  1090 | D:2      | Reached XP level 5. HP: 42/43 MP: 5/5
  1090 | D:2      | Reached XP level 6. HP: 48/49 MP: 6/6
  1271 | D:2      | Noticed Jessica
  1275 | D:2      | Killed Jessica
  2303 | D:3      | Found a white marble altar of Elyvilon.
  2456 | D:4      | Reached skill level 5 in Fighting
  2456 | D:4      | Reached skill level 5 in Polearms
  2476 | D:4      | Reached XP level 7. HP: 55/56 MP: 7/7
  2477 | D:4      | Identified the ring of Knowledge {rC+ Will+ Dex+6}
  2483 | D:4      | You fall into a shaft and drop 2 floors!
  2546 | D:6      | Reached skill level 6 in Polearms
  2606 | D:6      | a gnoll sergeant changed into a polar bear
  2606 | D:6      | Noticed a polar bear
  2640 | D:6      | HP: 2/57 [polar bear (2)]
  2640 | D:6      | Slain by a polar bear

Illustrated notes

Levels and vault maps discovered:
D:1:      dpeg_arrival_caged_fury, layout_basic,
          hellmonk_ecumenical_altar_lost_god
D:2:      layout_loops_ring, uniq_jessica, uniq_sigmund
D:3:      layout_loops_ring, mainiacjoe_overflow_alcove_4, dk_noncrumbling_3,
          chequers_serial_rivers_micro_a
D:4:      layout_basic, minmay_temple_entry_statues_fountains, uniq_ijyb
D:6:      layout_basic, gammafunk_ghost_grave, serial_shops, shop_fountains,
          kennysheep_little_box, shop, shop, nicolae_shop_crystal,
          chequers_serial_rivers_room_a, nicolae_water_bricks,
          hangedman_abyss_or_decor_stabs

Skill      XL: |  1  2  3  4  5  6  7 |
---------------+----------------------+-----
Fighting       | 4 5 |  5.8
Polearms       | 4 5 6 |  6.4
Shields        | 5 |  5.0
Armour         | |  3.2

Action                   |  1- 3 |  4- 6 |  7- 9 || total
-------------------------+-------+-------+-------++-------
Melee: Trident           |    98 |    68 |    78 ||   244
Throw: Dart              |       |     4 |     1 ||     5
 Abil: Dig               |     1 |       |     1 ||     2
Evoke: Wand              |       |       |     2 ||     2
  Use: Potion            |     1 |       |     1 ||     2
       Scroll            |       |     3 |       ||     3
 Stab: Invisible         |       |       |     9 ||     9
Armor: Scale mail        |    14 |       |       ||    14
       Chain mail        |    24 |    25 |    27 ||    76
Dodge: Dodged            |    27 |    12 |    26 ||    65
Block: Buckler           |    15 |    11 |    19 ||    45

Table legend: (Time is in decaauts)
 A = Elapsed time spent in this place.
 B = Non-inter-level travel time spent in this place.
 C = Inter-level travel time spent in this place.
 D = Time resting spent in this place.
 E = Time spent auto-exploring this place.
 F = Levels seen in this place.
 G = Mean time per level.
                   A        B        C        D        E       F      G
               +--------+--------+--------+--------+--------+-----+--------+
         Total |   2666 |   2595 |     71 |     51 |   1959 |   5 |  533.2 |
       Dungeon |   2666 |   2595 |     71 |     51 |   1959 |   5 |  533.2 |
               +--------+--------+--------+--------+--------+-----+--------+

Top non-repeatable levels by time:
     D:1: 998 daAuts
     D:3: 794 daAuts
     D:2: 682 daAuts
     D:6: 158 daAuts
     D:4: 32 daAuts
